 Dungeon Crawl Stone Soup version 0.25-a0-613-gf4b266557c (webtiles) character file.

Game seed: 12954658982283023547, levelgen mode: deterministic

1499 MrRokkomies the Frost Mage (level 8, 0/68 HPs)
             Began as a Barachi Ice Elementalist on Mar 15, 2020.
             Slain by a wight
             ... wielding a cursed +0 scimitar
              (4 damage)
             ... on level 7 of the Dungeon on Mar 17, 2020.
             The game lasted 00:19:02 (6503 turns).

MrRokkomies the Frost Mage (BaIE)                   Turns: 6503, Time: 00:19:03

Health: 0/68       AC:  9    Str: 10    XL:     8   Next: 81%
Magic:  5/11       EV: 14    Int: 17    God:
Gold:   284        SH:  0    Dex: 18    Spells: 4/11 levels left

rFire    . . .     SeeInvis .   v - +1 quarterstaff of the Vanishing Hells {freeze, *Drain Dex+5}
rCold    . . .     Gourm    .   (shield currently unavailable)
rNeg     . . .     Faith    .   a - +1 robe
rPois    +         Spirit   .   (no helmet)
rElec    .         Reflect  .   (no cloak)
rCorr    .         Harm     .   (no gloves)
MR       .....                  (no boots)
Stlth    ++........             (no amulet)
HPRegen  0.21/turn              (no ring)
MPRegen  0.12/turn              o - ring of poison resistance

@: icy armour, frozen ramparts, heavily drained, slow
A: +LOS, swims, slowness 1, strong legs 1
a: Hop


You were on level 7 of the Dungeon.
You were hungry.

You visited 1 branch of the dungeon, and saw 8 of its levels.

You collected 464 gold pieces.
You spent 180 gold pieces at shops.

Inventory:

Hand Weapons
 b - a +3 dagger of holy wrath
 v - the +1 quarterstaff of the Vanishing Hells (weapon) {freeze, *Drain Dex+5}
   (You bought it in a shop on level 5 of the Dungeon)

   It has been specially enchanted to freeze those struck by it, causing extra
   injury to most foes and up to half again as much damage against particularly
   susceptible opponents.
   It can also slow down cold-blooded creatures.
   It affects your dexterity (+5).
   It causes draining when unequipped.
Missiles
 g - 16 poisoned darts (quivered)
 s - 3 javelins
Armour
 a - a +1 robe (worn)
Jewellery
 o - a ring of poison resistance (right hand)
Wands
 h - a wand of polymorph (7)
 t - a wand of flame (26)
 z - a wand of acid (5)
Scrolls
 d - a scroll of enchant armour
 m - a scroll of remove curse
 n - a scroll of fear
 q - a scroll of teleportation
 r - 2 scrolls of enchant weapon
 y - 3 scrolls of identify
Potions
 e - a potion of haste
 f - a potion of invisibility
 i - 2 potions of curing
 j - a potion of might
 k - a potion of flight
 l - 3 potions of resistance
 p - a potion of ambrosia
 u - a potion of berserk rage
 x - a potion of magic
Comestibles
 c - 12 rations


   Skills:
 * Level 7.9(5.9) Fighting
 + Level 5.5(3.6) Dodging
 - Level 1.7(0.0) Stealth
 - Level 2.1(0.4) Spellcasting
 * Level 9.4(7.3) Ice Magic


You had 4 spell levels left.
You knew the following spells:

 Your Spells              Type           Power        Failure   Level  Hunger
a - Freeze                Ice            ####         1%          1    ##.....
b - Frozen Ramparts       Ice            ####..       3%          3    ####...
c - Ozocubu's Armour      Chrm/Ice       ##......     16%         3    ####...

Your spell library contained the following spells:

 Spells                   Type           Power        Failure   Level  Hunger
 Hailstorm                Conj/Ice       ##......     45%         4    #####..
 Summon Ice Beast         Ice/Summ       ##......     45%         4    #####..


Dungeon Overview and Level Annotations

Branches:
Dungeon (8/15)
 Temple: D:4-7         Lair: D:8-11

Altars:
Ashenzari
Qazlal

Shops:
D:5 %*((


Innate Abilities, Weirdness & Mutations

You can be seen from farther away. (+LOS)
You can swim through water.
You cover ground slowly.
You can hop short distances.


Message History

The walls release a blast of icicles at the wight!
The wight partially resists.
The wight barely misses you.
You feel better.
The walls release a blast of icicles at the wight!
The wight hits you but does no damage.
You hit the wight.
The wight is almost destroyed.
The wight is no longer encased in ice.
The walls release a blast of icicles at the wight!
The wight partially resists.
The wight is encased in ice.
The wight closely misses you.
The walls release a blast of icicles at the wight!
The wight hits you with a +3 morningstar!
* * * LOW HITPOINT WARNING * * *
You feel drained.
* * * LOW HITPOINT WARNING * * *
The walls release a blast of icicles at the wight!
The wight partially resists.
The wight hits you with a cursed +0 scimitar.
You die...

.?##.... 5 ...... ..
...... ... .... ....
.(.##..... ##........
#.....# .### #####z#
..#...# ##...z@##
....... #.>...).#
#....# ###...###
#...##### #...#
####.......
###..#####.##.....## #
##....##.#.............
#............<..#.##...
#....#.....##...#......
######......#.........#


You could see 2 wights.

Vanquished Creatures
  A hungry ghost (D:6)
  An orc warrior (D:8)
  A black bear (D:8)
  An ogre (D:5)
  A centaur (D:8)
  3 bullfrogs
  A scorpion (D:5)
  2 wights (D:7)
  A centaur zombie (D:6)
  A crimson imp (D:7)
  A hound (D:8)
  4 orc priests
  2 orc wizards
  Natasha (twice) (D:3)
  2 iguanas (D:5)
  4 worker ants
  A howler monkey zombie (D:6)
  3 gnolls (D:5)
  A howler monkey skeleton (D:4)
  5 adders
  A shadow imp (D:5)
  An ooze (D:2)
  An adder skeleton (D:7)
  2 worms
  2 leopard geckos
  15 orcs
  2 ball pythons
  7 bats
  3 giant cockroaches
  4 goblins
  7 hobgoblins
  16 jackals
  11 kobolds
  A ball python skeleton (D:5)
  6 frilled lizards
  A leopard gecko skeleton (D:6)
  A quokka skeleton (D:4)
  6 rats
125 creatures vanquished.

Vanquished Creatures (others)
  3 toadstools (D:2)
3 creatures vanquished.

Grand Total: 128 creatures vanquished

Notes
Turn   | Place    | Note
-------+----------+-------------------------------------------
     0 | D:1      | MrRokkomies the Barachi Ice Elementalist began the quest
                  | for the Orb.
     0 | D:1      | Reached XP level 1. HP: 13/13 MP: 3/3
   241 | D:1      | Reached skill level 5 in Ice Magic
   278 | D:1      | Reached skill level 1 in Fighting
   304 | D:1      | Reached XP level 2. HP: 14/21 MP: 5/5
  1197 | D:2      | Reached XP level 3. HP: 9/27 MP: 3/6
  1220 | D:2      | Learned a level 3 spell: Frozen Ramparts
  1708 | D:2      | Found a faded altar of an unknown god.
  2237 | D:3      | Noticed Natasha
  2248 | D:3      | Reached XP level 4. HP: 7/34 MP: 3/7
  2249 | D:3      | Killed Natasha
  2565 | D:3      | Found a shattered altar of Ashenzari.
  2721 | D:3      | Reached skill level 6 in Ice Magic
  2721 | D:3      | Reached XP level 5. HP: 41/41 MP: 2/8
  3101 | D:3      | Noticed Natasha
  3106 | D:3      | Killed Natasha
  3380 | D:4      | Upgraded the game from 0.25-a0-597-gb30770a0c0 to
                  | 0.25-a0-613-gf4b266557c
  3393 | D:4      | Reached XP level 6. HP: 20/48 MP: 4/9
  3542 | D:4      | Found a stormy altar of Qazlal.
  3770 | D:5      | Entered Level 5 of the Dungeon
  3787 | D:5      | Found Cecw's Antique Weapon Emporium.
  4123 | D:5      | Reached skill level 5 in Fighting
  4123 | D:5      | Reached skill level 7 in Ice Magic
  4123 | D:5      | Reached XP level 7. HP: 56/56 MP: 6/10
  4246 | D:5      | Found Feopyd's Antique Weapon Shoppe.
  4266 | D:5      | Bought a jewelled quarterstaff for 180 gold pieces
  4266 | D:5      | Identified the +1 quarterstaff of the Vanishing Hells
                  | {freeze, *Drain Dex+5} (You bought it in a shop on level 5
                  | of the Dungeon)
  4448 | D:5      | Found Qiteg's General Store.
  4655 | D:5      | Learned a level 3 spell: Ozocubu's Armour
  5097 | D:5      | Found Seapt's Food Emporium.
  5412 | D:6      | You fall into a shaft and drop 2 floors!
  5479 | D:8      | Reached skill level 8 in Ice Magic
  5684 | D:8      | Reached XP level 8. HP: 44/65 MP: 11/11
  5915 | D:6      | Reached skill level 5 in Dodging
  6229 | D:7      | Reached skill level 9 in Ice Magic
  6503 | D:7      | Slain by a wight

Levels and vault maps discovered:
D:1:      dpeg_arrival_stonehenge_12_columns, layout_loops_corners,
          minmay_statues_item
D:2:      layout_loops_ring, chequers_ecumenical_altar_simple_redux,
          first_ration, minmay_gold_behind_fungi, ebering_dispersal_statue_hall
D:3:      layout_rooms, lemuel_crystal_altar, serial_curves, eino_curves_01,
          eino_curves_01, eino_curves_03, eino_curves_03,
          roderic_serpentine_path, kennysheep_generic_room_5, uniq_natasha
D:4:      layout_rooms, grunt_qazlal_sundering
D:5:      layout_basic, serial_shops, shop, shop,
          nicolae_shop_temple_entry_statues_fountains, nicolae_shop_waterfront,
          patterned_corridor
D:6:      layout_basic
D:7:      layout_cave_pools, minmay_temple_entry_slanted,
          gammafunk_ghost_berserking_beasts, grunt_ogre_cave
D:8:      layout_basic, david_lair_generic, kennysheep_generic_room_9

Skill      XL: |  1  2  3  4  5  6  7  8 |
---------------+-------------------------+-----
Ice Magic      | 5 6 7 8 9 |  9.4
Fighting       | 1 2 3 4 5 6 7 |  7.9
Dodging        | 3 4 5 |  5.5
Stealth        | |  1.7
Spellcasting   | |  2.1

Action                   |  1- 3 |  4- 6 |  7- 9 || total
-------------------------+-------+-------+-------++-------
Melee: Dagger            |   102 |    97 |     3 ||   202
       Unarmed           |     6 |       |       ||     6
       Quarterstaff      |       |       |   117 ||   117
Throw: Dart              |     1 |    10 |     5 ||    16
 Cast: Freeze            |    15 |    10 |     3 ||    28
       Frozen Ramparts   |     1 |     7 |     9 ||    17
       Ozocubu's Armour  |       |       |     1 ||     1
  Use: Scroll            |     3 |     9 |     7 ||    19
       Potion            |     1 |       |     3 ||     4
 Stab: Sleeping          |     4 |       |     2 ||     6
  Eat: Chunk             |     4 |     8 |     5 ||    17
       Ration            |       |       |     2 ||     2
Armor: Robe              |    12 |    16 |    15 ||    43
Dodge: Dodged            |   105 |    77 |    96 ||   278

Table legend:
 A = Non-vault XP
 B = Vault XP
 C = Vault XP percentage of total XP
 D = Non-vault monster count
 E = Vault monster count
 F = Vault count percentage of total count
                 A         B        C        D         E       F
            +---------+---------+-------+---------+---------+-------
      Total |    2102 |      40 |   1.9 |     122 |       3 |   2.4
            +---------+---------+-------+---------+---------+-------
        D:1 |      26 |       0 |   0.0 |      15 |       0 |   0.0
        D:2 |      52 |       0 |   0.0 |      21 |       0 |   0.0
        D:3 |     123 |      40 |  24.5 |      22 |       3 |  12.0
        D:4 |     156 |       0 |   0.0 |      15 |       0 |   0.0
        D:5 |     483 |       0 |   0.0 |      20 |       0 |   0.0
        D:6 |     450 |       0 |   0.0 |      10 |       0 |   0.0
        D:7 |     333 |       0 |   0.0 |       8 |       0 |   0.0
        D:8 |     479 |       0 |   0.0 |      11 |       0 |   0.0
            +---------+---------+-------+---------+---------+-------
